 Dungeon Crawl Stone Soup version 0.31-a0-618-g7ca08c1ff9 (console) character file.

Game seed: 16581371098534287677

120992 petzl the Destroyer (level 17, -1/120 HPs)
             Began as a Formicid Delver on Aug 22, 2023.
             Was a High Priest of Vehumet.
             Slain by an angel
             ... wielding a +3 whip of holy wrath
              (18 damage)
             ... on level 4 of the Shoals on Aug 26, 2023.
             The game lasted 03:11:58 (34848 turns).

petzl the Destroyer (Formicid Delver)              Turns: 34848, Time: 03:11:59

Health: -1/120     AC: 14    Str: 16    XL:     17   Next: 38%
Magic:  11/32      EV: 16    Int: 22    God:    Vehumet [*****.]
Gold:   1902       SH: 13    Dex: 25    Spells: 3/38 levels left

rFire   + + .        a - +7 trident {protect, rElec rN+ Dex+2}
rCold   + . .        C - +0 buckler
rNeg    + . .        S - +3 troll leather armour
rPois   .            (helmet unavailable)
rElec   +            X - scarf {rC+ rF+}
rCorr   .            w - +2 pair of gloves "Zysuikou" {Regen+ Dex+3}
SInv    +            m - +3 pair of boots "Yxtyzy" {rElec rF+ Dex+3}
Will    ++...        j - amulet of reflection
Stlth   ++           i - ring of the Empire {Will+ Int+3 Dex+2}
HPRegen 2.00/turn    k - +4 ring of slaying
MPRegen 0.23/turn

%: reflection
@: glowing
A: permanent stasis, dig shafts and tunnels, antennae 3, four strong arms
a: Dig, Shaft Self, Renounce Religion


You were on level 4 of the Shoals.
You worshipped Vehumet.
Vehumet was extremely pleased with you.
You visited 5 branches of the dungeon, and saw 27 of its levels.
You visited 1 bazaar.
You also visited: Sewer.

You collected 2586 gold pieces.
You spent 684 gold pieces at shops.

Inventory:

Hand Weapons
 a - the +7 trident of the Orange Skies (weapon) {protect, rElec rN+ Dex+2}
   (You found it on level 2 of the Lair of Beasts)

   Dex+2:     It affects your dexterity (+2).
   rElec:     It insulates you from electricity.
   rN+:       It protects you from negative energy.
 b - a +2 shortbow of draining
 c - a +0 short sword of draining
 h - a +4 short sword of venom
 z - a +3 scimitar of flaming
 M - a +6 scimitar of electrocution
Missiles
 n - 55 poisoned darts
 o - 4 throwing nets
 L - 2 darts of dispersal
 V - 15 silver javelins
 Z - 6 curare-tipped darts (quivered)
Armour
 m - the +3 pair of boots "Yxtyzy" (worn) {rElec rF+ Dex+3}
   (You found it on level 1 of the Shoals)

   Dex+3:     It affects your dexterity (+3).
   rF+:       It protects you from fire.
   rElec:     It insulates you from electricity.
 r - a +2 leather armour of cold resistance
 w - the +2 pair of gloves "Zysuikou" (worn) {Regen+ Dex+3}
   (You bought it in a shop in a bazaar)

   Dex+3:     It affects your dexterity (+3).
   Regen+:    It increases your rate of health regeneration.
 C - a +0 buckler (worn)
 N - a scarf of repulsion
 S - a +3 troll leather armour (worn)
 X - a scarf of resistance (worn)
 Y - a +2 scale mail of poison resistance
Jewellery
 d - a ring of protection from fire
 i - the ring of the Empire (left hand) {Will+ Int+3 Dex+2}
   (You found it on level 6 of the Dungeon)

   [ring of willpower]

   Int+3:     It affects your intelligence (+3).
   Dex+2:     It affects your dexterity (+2).
   Will+:     It increases your willpower.
 j - an amulet of reflection (around neck)
 k - a +4 ring of slaying (right hand)
 G - a +4 ring of slaying
 T - a +4 ring of protection
Wands
 f - a wand of digging (10)
 v - a wand of flame (23)
 x - a wand of mindburst (21)
 J - a wand of roots (13)
 R - a wand of quicksilver (32)
 W - a wand of charming (12)
Scrolls
 l - 3 scrolls of poison
 p - 3 scrolls of revelation
 s - 2 scrolls of fear
 u - 2 scrolls of butterflies {unknown}
 y - 5 scrolls of vulnerability
 E - a scroll of immolation
 K - 2 scrolls of fog
 O - a scroll of silence
Potions
 e - 9 potions of curing
 g - a potion of magic {unknown}
 q - 2 potions of invisibility
 t - a potion of mutation {unknown}
 A - 5 potions of brilliance
 B - 2 potions of ambrosia
 D - a potion of cancellation
 F - 4 potions of enlightenment
 H - 4 potions of might
 I - 2 potions of heal wounds


   Skills:
 + Level 7.0 Fighting
 - Level 2.0 Maces & Flails
 - Level 3.0 Ranged Weapons
 - Level 6.8 Armour
 - Level 6.0 Dodging
 - Level 9.0 Stealth
 + Level 10.2 Shields
 + Level 11.3 Spellcasting
 + Level 14.9 Conjurations
 + Level 8.9 Necromancy
 - Level 2.0 Transmutations
 * Level 9.2 Fire Magic
 - Level 5.9 Ice Magic
 * Level 6.2 Air Magic
 - Level 5.0 Earth Magic
 - Level 3.6 Poison Magic
 - Level 3.0 Evocations


You had 3 spell levels left.
You knew the following spells:

 Your Spells              Type           Power      Damage    Failure   Level
a - Stone Arrow           Conj/Erth      100%       3d13      1%          3
b - Hailstorm             Conj/Ice       55%        3d12      1%          3
c - Sting                 Tmut/Pois      96%        1d7       2%          1
d - Plasma Beam           Fire/Air       23%        2x1d35    13%         6
l - Freezing Cloud        Conj/Ice/Air   25%        6-21      1%          5
o - Orb of Destruction    Conj           33%        9d10      4%          7
s - Sticky Flame          Conj/Fire      60%        2d8       1%          4
u - Sublimation of Blood  Necr           51%        N/A       1%          2
T - Olgreb's Toxic Radia  Pois           28%        N/A       4%          4

Your spell library contained the following spells:

 Spells                   Type           Power      Damage    Failure   Level
 Foxfire                  Conj/Fire      100%       2x1d9     1%          1
 Freeze                   Ice            100%       1d10      1%          1
 Kiss of Death            Conj/Necr      100%       2d13      1%          1
 Necrotise                Necr           100%       1d9       1%          1
 Sandblast                Erth           68%        2d15      1%          1
 Poisonous Vapours        Pois/Air       68%        N/A       1%          2
 Scorch                   Fire           100%       2d9       1%          2
 Dazzling Flash           Conj/Hex       90%        N/A       1%          3
 Frozen Ramparts          Ice            76%        1d12      1%          3
 Inner Flame              Hex/Fire       32%        N/A       1%          3
 Mephitic Cloud           Conj/Pois/Air  48%        N/A       1%          3
 Vampiric Draining        Necr           51%        2d9       1%          3
 Passwall                 Tmut/Erth      22%        N/A       2%          2
 Ensorcelled Hibernation  Hex/Ice        50%        N/A       3%          2
 Wereblood                Tmut           21%        N/A       4%          2
 Slow                     Hex            48%        N/A       8%          1
 Confusing Touch          Hex            12%        N/A       22%         3
 Flame Wave               Conj/Fire      60%        2d14      1%          4
 Fulminant Prism          Conj/Hex       22%        3d12      1%          4
 Starburst                Conj/Fire      30%        6d9       2%          6
 Agony                    Necr           51%        N/A       5%          5
 Lee's Rapid Deconstruct  Erth           17%        3d10*     7%          5
 Summon Lightning Spire   Summ/Air       26%        N/A       21%         4
 Animate Armour           Summ/Erth      46%        N/A       26%         4
 Silence                  Hex/Air        13%        N/A       50%         5
 Eringya's Noxious Bog    Tmut/Pois      12%        4d6       63%         6
 Ozocubu's Refrigeration  Ice            19%        4d11      77%         7
 Lehudib's Crystal Spear  Conj/Erth      27%        10d7      87%         8
 Summon Forest            Summ/Tloc      6%         N/A       90%         5
 Summon Cactus Giant      Summ           6%         N/A       100%        6
 Summon Hydra             Summ           6%         N/A       100%        7
 Infestation              Necr           25%        N/A       100%        8
 Swiftness                Air            Unusable   N/A       N/A         3

Dungeon Overview and Level Annotations

Branches:
Dungeon (15/15)            Temple (1/1) D:4            Lair (5/5) D:11
 Shoals (4/4) Lair:2       Spider (0/4) Lair:2        Slime (0/5) Lair:4
    Orc (2/2) D:12            Elf (0/3) Orc:2        Vaults (0/5) D:13
  Sewer (visited)
 Depths: D:15

Altars:
Ashenzari
Cheibriados
Dithmenos
Elyvilon
Fedhas
Gozag
Hepliaklqana
Kikubaaqudgha
Makhleb
Nemelex Xobeh
Okawaru
Qazlal
Ru
Sif Muna
Trog
Uskayaw
Vehumet
Wu Jian
Xom
Yredelemnul
Zin
The Shining One
Jiyva

Shops:
Orc:2 =(([   Shoals:3 *

Annotations:
D:8 exclusion: 2 downstairs
D:10 exclusion: sensed monster (detected), Fannar
D:11 exclusion: plant
D:12 exclusions: cyclops and 2 skeletal warriors
D:13 exclusions: cyclops, downstairs and 2 sensed monsters (detected), Rupert
Lair:3 exclusions: sensed monster (detected) and 2 wraiths, Josephine
Lair:4 exclusion: downstairs
Shoals:2 2 transporters, dxb338's ghost, adept FeSh
Shoals:3 exclusion: downstairs, Ilsuiw


Innate Abilities, Weirdness & Mutations

You cannot be hasted, slowed, berserked, paralysed or teleported.
You can dig through walls and to a lower floor.
You have a pair of large antennae on your head. (SInv)
Your four strong arms can wield two-handed weapons with a shield.


Message History

Press: ? - help, Shift-Dir - straight line, f/p - angel
Aim: an angel, wielding a +3 whip of holy wrath and wearing a +0 robe (severely wounded, haloed, chance to affect: 0%)
Okay, then.
Unknown command.
Unknown command.
Press: ? - help, v - describe, . - travel, g - get item
Items here: ( )) [ †.
The floor, spattered with blood.
This square is lit by a halo.
Unknown command.
Unknown command.
The angel barely misses you. The angel hits you but does no damage.
The merfolk impaler hits you but does no damage.
The merfolk javelineer is engulfed in freezing vapours.
An alligator snapping turtle comes into view.
The alligator snapping turtle hisses angrily.
You block the angel's attack. The angel barely misses you.
The merfolk impaler is engulfed in freezing vapours.
You kill the merfolk impaler!
Vehumet accepts your kill.
You feel your power returning.
Your Fighting skill increases to level 7!
The merfolk javelineer throws a silver javelin.
The silver javelin pierces through you. The angel attacks as it pursues you!
You block the angel's attack. x2
The angel hits you but does no damage. The angel barely misses you.
The merfolk javelineer throws a silver javelin.
The silver javelin pierces through you!
The angel hits you with a +3 whip of holy wrath.
The angel closely misses you.
The angel hits you with a +3 whip of holy wrath!
You block the angel's attack. The angel attacks as it pursues you!
The angel hits you with a +3 whip of holy wrath!!
You block the angel's attack.
The alligator snapping turtle bites you from afar!!!
* * * LOW HITPOINT WARNING * * *
There is a stone staircase leading up, spattered with blood here.
The angel hits you with a +3 whip of holy wrath!!
You die...

{ .m## {..# ##. {.## #.. ###.m.#
#..##_##..# #.$...#~.~≈
≈~P#?...#..8...8..# ≈≈ ##....m.P~.
≈~~.....##.......# ~≈≈ #....Y....
~.......#......{#~~≈≈ ##.....(.E{
.......##..{.{##~≈≈≈ #...P...m
.~≈≈≈~ #......###)###~~≈≈≈ ...CP...#
~~≈≈≈. #..t...P.#'#~.~~≈≈≈
........#.~≈≈≈.~##...P.......~.~~≈≈≈
......<.#~~≈≈≈P.#.@A..m....))~.~≈≈≈≈
.P.....##.~≈≈≈..##..........~~~~≈≈≈≈
.....###~.~≈≈≈~P.###..P......~~~≈≈≈≈
..(.##~P.##~≈~##...##†.........~≈≈≈≈
.)....~.~##~~.##~~........P)..~≈≈≈≈≈
..))~.~≈~~~...~~~.......(...~~~≈≈≈≈≈
)..~~≈≈≈≈~..<.~~~≈≈~~~.~...~~~.≈≈≈≈≈
.~~≈≈≈≈≈~.~...~~~≈≈≈≈.~.~..~~~~≈≈≈≈≈
.≈≈≈≈≈≈~~#######~≈≈≈≈≈≈..~~~~~≈≈≈≈≈≈
≈≈≈≈≈~...#######~~~≈≈≈≈≈≈.~~~~≈≈≈≈≈≈
≈≈≈~~..~##.....##~~~~≈≈≈≈≈≈~~~≈≈≈≈≈≈
≈~~..~.##...<...##.~.~.≈≈≈≈≈≈≈≈≈≈≈≈≈
~.(...........P.P...~.~~~≈≈≈≈≈≈≈≈≈≈≈
P~....................?P.~~≈≈≈≈≈≈≈≈≈
~...........[...........~~~~~≈≈≈≈≈≈≈
P..........[[............~.~≈≈≈≈≈≈≈≈
P.....P..................~.~≈≈≈≈≈≈≈≈
............)...........~.~~≈≈≈≈≈≈≈≈
...P.......#)#.........~.~~~≈≈≈≈≈≈≈≈


You could see an alligator snapping turtle, an angel and a merfolk javelineer.

Vanquished Creatures
  Kirke (Lair:2)
  Donald (Orc:2)
  Roxanne (Shoals:1)
  An apis (Shoals:4)
  6 merfolk javelineers
  11 merfolk impalers
  A great orb of eyes (D:13)
  3 hydras (Lair:5)
  An alligator snapping turtle (Shoals:1)
  3 merfolk avatars
  3 catoblepae (Lair:5)
  4 centaur warriors
  Erica (D:9)
  A two-headed ogre (Orc:1)
  3 satyrs
  A boulder beetle (Lair:1)
  6 death yaks (Lair:5)
  4 sea snakes
  5 skysharks
  A cherub (Shoals:4)
  A deep elf pyromancer (D:14)
  A lindwurm (Lair:4)
  A harpy (shapeshifter) (D:13)
  9 orc knights
  7 harpies
  2 ugly things
  4 fauns (Shoals:4)
  2 oklob plants (D:11)
  14 manticores
  4 cyclopes
  5 elephants (Lair:5)
  Maurice (D:8)
  7 merfolk sirens
  3 black mambas
  A gargoyle (D:12)
  6 water nymphs
  3 rime drakes
  2 unseen horrors
  15 komodo dragons
  9 cane toads
  3 polar bears
  6 trolls
  11 merfolk
  4 wind drakes
  A hornet (D:9)
  22 blink frogs
  5 snapping turtles
  14 dream sheep
  2 vampires (D:11)
  3 wyverns
  2 wraiths (Lair:3)
  3 basilisks
  3 water elementals
  54 yaks
  5 hogs (Lair:3)
  Grum (D:8)
  A redback (Lair:2)
  9 wargs
  Edmund (D:4)
  2 acid dragons
  13 water moccasins
  A black bear (D:3)
  10 ice beasts
  31 orc warriors
  2 sky beasts
  5 ogres (Orc:2)
  16 wolves
  9 centaurs
  5 kobold brigands
  7 bullfrogs
  2 gnoll sergeants
  3 killer bees
  2 electric eels (D:9)
  A howler monkey (D:5)
  2 jellies
  3 hounds
  12 orc priests
  4 gnoll boudas
  A sleepcap (D:6)
  Ijyb (D:4)
  3 iguanas
  20 orc wizards
  4 hell rats (Lair:3)
  A mummy (D:4)
  27 gnolls
  8 adders
  A river rat (Sewer)
  A shadow imp (D:6)
  2 white imps
  An ufetubus (D:6)
  7 worms
  A dart slug (D:3)
  66 orcs
  11 endoplasms
  2 giant cockroaches (D:4)
  4 goblins
  5 hobgoblins
  3 jackals (D:2)
  6 quokkas
  9 ball pythons
  6 bats
  4 frilled lizards
  A hobgoblin zombie (D:4)
  27 kobolds
  An orc zombie (D:4)
  7 rats
665 creatures vanquished.

Vanquished Creatures (others)
  A kobold demonologist (D:12)
1 creature vanquished.

Grand Total: 666 creatures vanquished

Notes
Turn   | Place    | Note
-------+----------+-------------------------------------------
     0 | D:5      | petzl the Formicid Delver began the quest for the Orb.
     0 | D:5      | Reached XP level 1. HP: 18/18 MP: 1/1
    16 | D:5      | Noticed an iguana
   109 | D:5      | Found an opulent altar of Gozag.
   148 | D:6      | Noticed a hound
   159 | D:6      | Noticed a sky beast
   203 | D:5      | Noticed a hound
   314 | D:5      | Noticed a howler monkey
   383 | D:4      | Found a glowing drain.
   404 | Sewer    | Entered a sewer
   415 | Sewer    | Reached XP level 2. HP: 24/24 MP: 3/3
   418 | Sewer    | Reached skill level 1 in Spellcasting
   466 | Sewer    | Reached XP level 3. HP: 25/29 MP: 5/5
   637 | Sewer    | Reached XP level 4. HP: 24/35 MP: 7/7
   741 | Sewer    | Noticed a kobold brigand
   762 | Sewer    | Killed a kobold brigand
   763 | Sewer    | Reached XP level 5. HP: 23/41 MP: 7/9
  1401 | D:2      | Learned a level 3 spell: Hailstorm
  1823 | D:1      | Got the Almanac of Earthen Concussion
  2387 | D:2      | Reached XP level 6. HP: 47/47 MP: 11/11
  2873 | D:3      | Found a stormy altar of Qazlal.
  2874 | D:3      | Found a burning altar of Makhleb.
  2934 | D:3      | Noticed a black bear
  3438 | D:4      | Reached skill level 1 in Shields
  3438 | D:4      | Reached skill level 1 in Ice Magic
  3524 | D:4      | Reached skill level 1 in Conjurations
  3562 | D:4      | Found a staircase to the Ecumenical Temple.
  3821 | D:4      | Noticed Ijyb
  3841 | D:4      | Killed Ijyb
  4011 | D:4      | Noticed Edmund
  4237 | D:4      | Found a hazy altar of Hepliaklqana.
  4284 | Temple   | Entered the Ecumenical Temple
  4703 | D:5      | You fall into a shaft and drop 1 floor!
  4953 | D:6      | Reached XP level 7. HP: 32/52 MP: 12/12
  5102 | D:6      | Identified the ring of the Empire {Will+ Int+3 Dex+2}
  5267 | D:6      | You fall into a shaft and drop 1 floor!
  6198 | D:5      | Reached skill level 2 in Conjurations
  6573 | D:5      | Reached XP level 8. HP: 29/60 MP: 14/14
  7532 | D:7      | Found a glowing silver altar of Zin.
  7584 | D:8      | Noticed Maurice
  7900 | D:7      | Reached skill level 3 in Conjurations
  8009 | D:7      | Reached skill level 5 in Spellcasting
  8346 | D:7      | Found a shimmering blue altar of Sif Muna.
  8353 | D:7      | Got Sif Muna's Anthology of Bewitchment
  8356 | D:7      | Got Sif Muna's Elucidation of Permutations
  8475 | D:7      | Reached skill level 5 in Fighting
  8493 | D:7      | Reached skill level 1 in Ranged Weapons
  8557 | D:7      | Reached XP level 9. HP: 68/68 MP: 16/16
  8896 | D:6      | Reached skill level 5 in Shields
  9143 | D:3      | Reached skill level 4 in Conjurations
  9254 | D:4      | Found a faded altar of an unknown god.
  9271 | D:4      | Killed Edmund
  9423 | D:8      | Noticed Grum
  9438 | D:8      | You fall into a shaft and drop 2 floors!
  9438 | D:10     | Entered Level 10 of the Dungeon
 10393 | D:8      | Learned a level 3 spell: Stone Arrow
 10398 | D:8      | Learned a level 4 spell: Sticky Flame
 10476 | D:8      | Reached skill level 1 in Earth Magic
 10577 | D:8      | Found a radiant altar of Vehumet.
 10719 | D:8      | Killed Grum
 10941 | D:8      | Reached skill level 5 in Earth Magic
 10948 | D:8      | Reached skill level 1 in Fire Magic
 11016 | D:8      | Reached XP level 10. HP: 51/75 MP: 14/18
 11035 | D:8      | You fall into a shaft and drop 2 floors!
 11626 | D:8      | Found a white marble altar of Elyvilon.
 11636 | D:8      | Reached skill level 5 in Fire Magic
 11825 | D:8      | Learned a level 1 spell: Sting
 12114 | D:8      | Found a snail-covered altar of Cheibriados.
 12115 | D:8      | Found a basalt altar of Yredelemnul.
 12126 | D:8      | Killed Maurice
 12127 | D:8      | Reached skill level 1 in Armour
 12647 | D:8      | Became a worshipper of Vehumet
 12962 | D:9      | Reached skill level 5 in Conjurations
 13536 | D:9      | Found a broken altar of Ashenzari.
 13571 | D:9      | Reached XP level 11. HP: 62/80 MP: 15/20
 13626 | D:9      | Noticed Erica
 13633 | D:9      | Killed Erica
 14039 | D:9      | Learned a level 2 spell: Sublimation of Blood
 14097 | D:9      | Reached * piety under Vehumet
 14097 | D:9      | Offered knowledge of Magic Dart by Vehumet.
 14384 | D:10     | Reached skill level 1 in Necromancy
 14384 | D:10     | Reached skill level 1 in Poison Magic
 14393 | D:10     | Reached skill level 1 in Evocations
 15281 | D:10     | Noticed Fannar
 15511 | D:11     | You fall into a shaft and drop 3 floors!
 15511 | D:14     | Found an iron altar of Okawaru.
 15712 | D:14     | Noticed a deep elf pyromancer
 15722 | D:14     | Killed a deep elf pyromancer
 15812 | D:15     | Entered Level 15 of the Dungeon
 15944 | D:13     | Noticed a cyclops
 16032 | D:12     | Noticed a cyclops
 16039 | D:12     | Noticed a skeletal warrior
 16045 | D:12     | Noticed a white ugly thing
 16058 | D:12     | Noticed a skeletal warrior
 16079 | D:12     | Killed a white ugly thing
 16101 | D:12     | Found a flickering gateway to a bazaar.
 16101 | D:12     | Found a staircase to the Orcish Mines.
 16109 | Bazaar   | Entered a bazaar
 16109 | Bazaar   | Found Giacram's Jewellery Boutique.
 16109 | Bazaar   | Found Xyammoif's Armour Shop.
 16109 | Bazaar   | Found Ucoriuqo's Antique Armour Shoppe.
 16307 | Bazaar   | Found Sali's Armour Shop.
 16375 | Bazaar   | Bought a pair of faintly humming gloves for 171 gold pieces
 16375 | Bazaar   | Identified the +2 pair of gloves "Zysuikou" {Regen+ Dex+3}
                  | (You bought it in a shop in a bazaar)
 16375 | Bazaar   | Bought a warped leather armour for 126 gold pieces
 16375 | Bazaar   | Identified the +0 leather armour of Ofidinu {+Blink rC-
                  | rCorr SInv} (You bought it in a shop in a bazaar)
 16380 | Bazaar   | Bought a runed scarf for 144 gold pieces
 16405 | Bazaar   | Bought a +2 scale mail of poison resistance for 144 gold
                  | pieces
 16460 | D:12     | Noticed a sixfirhy
 16640 | D:11     | Noticed an oklob plant
 16937 | D:11     | Noticed an oklob plant
 17010 | D:11     | Found a blossoming altar of Fedhas.
 17233 | D:11     | Found a staircase to the Lair.
 17800 | D:12     | Noticed a manticore
 17809 | D:12     | Killed a manticore
 17810 | D:12     | Reached XP level 12. HP: 66/86 MP: 11/22
 18218 | D:13     | Noticed a centaur warrior
 18229 | D:13     | Noticed Rupert
 18266 | D:13     | Killed a centaur warrior
 18267 | D:13     | Reached skill level 5 in Armour
 18360 | D:13     | Noticed a centaur warrior
 18365 | D:13     | Killed a centaur warrior
 18526 | D:13     | Noticed a great orb of eyes
 18549 | D:13     | Killed a great orb of eyes
 18651 | D:13     | Found a gate to the Vaults.
 18651 | D:13     | Noticed a vault guard
 19044 | D:11     | Reached skill level 6 in Conjurations
 19201 | D:11     | Reached skill level 5 in Dodging
 19323 | Lair:1   | Entered Level 1 of the Lair of Beasts
 19432 | Lair:1   | Reached skill level 5 in Necromancy
 19645 | Lair:1   | Reached skill level 1 in Transmutations
 19718 | Lair:1   | Noticed a boulder beetle
 20278 | Lair:1   | Killed a boulder beetle
 20465 | Lair:2   | Identified the +7 trident of the Orange Skies {protect,
                  | rElec rN+ Dex+2}
 20753 | Lair:2   | Reached XP level 13. HP: 92/92 MP: 21/25
 21081 | Lair:2   | Offered knowledge of Momentum Strike by Vehumet.
 21190 | Lair:2   | Reached ** piety under Vehumet
 21507 | Lair:2   | Reached skill level 7 in Conjurations
 21763 | Lair:2   | Found a hole to the Spider Nest.
 22647 | Lair:3   | Noticed Josephine
 22843 | Lair:3   | Offered knowledge of Volatile Blastmotes by Vehumet.
 23033 | Lair:3   | Reached skill level 10 in Conjurations
 23033 | Lair:3   | Reached XP level 14. HP: 98/98 MP: 27/27
 23365 | Lair:3   | Noticed Kirke
 23430 | Lair:4   | Reached *** piety under Vehumet
 23697 | Lair:2   | Killed Kirke
 23698 | Lair:2   | Reached skill level 10 in Spellcasting
 24065 | Lair:4   | Got the Treatise on Baleful Debased Rites
 24699 | Lair:4   | Reached skill level 11 in Conjurations
 24940 | Lair:4   | Found a viscous altar of Jiyva.
 24940 | Lair:4   | Found a staircase to the Slime Pits.
 25074 | Lair:5   | Entered Level 5 of the Lair of Beasts
 25234 | Lair:4   | You fall into a shaft and drop 1 floor!
 25350 | Lair:4   | Reached XP level 15. HP: 81/104 MP: 22/29
 25412 | Lair:5   | Offered knowledge of Olgreb's Toxic Radiance by Vehumet.
 25419 | Lair:5   | Learned a level 4 spell: Olgreb's Toxic Radiance
 25521 | Lair:5   | Reached skill level 5 in Ice Magic
 25827 | Orc:1    | Entered Level 1 of the Orcish Mines
 26236 | Orc:2    | Entered Level 2 of the Orcish Mines
 26236 | Orc:2    | Found a staircase to the Elven Halls.
 26642 | Orc:1    | Reached **** piety under Vehumet
 26814 | Orc:2    | Offered knowledge of Freezing Cloud by Vehumet.
 26831 | Orc:1    | Learned a level 5 spell: Freezing Cloud
 26989 | Orc:2    | Reached skill level 1 in Air Magic
 27143 | Orc:2    | Noticed Donald
 27175 | Orc:2    | Killed Donald
 28342 | Orc:2    | Found Dethry's Armour Emporium.
 28342 | Orc:2    | Found Wifruxet's Weapon Boutique.
 28396 | Orc:2    | Found Mali's Weapon Emporium.
 28396 | Orc:2    | Found Gaobroyfy's Jewellery Boutique.
 28741 | Lair:5   | Reached skill level 5 in Air Magic
 28932 | Lair:5   | Reached ***** piety under Vehumet
 29104 | Lair:5   | Offered knowledge of Orb of Destruction by Vehumet.
 29113 | Lair:5   | Learned a level 7 spell: Orb of Destruction
 29565 | Lair:5   | Reached XP level 16. HP: 113/113 MP: 22/31
 29639 | Lair:5   | Reached skill level 10 in Shields
 30122 | Shoals:1 | Entered Level 1 of the Shoals
 30380 | Shoals:3 | Reached skill level 12 in Conjurations
 30633 | Shoals:1 | Noticed Roxanne
 30651 | Shoals:1 | Killed Roxanne
 31462 | Shoals:1 | Identified the +3 pair of boots "Yxtyzy" {rElec rF+ Dex+3}
 31484 | Shoals:1 | Reached skill level 13 in Conjurations
 31913 | Shoals:1 | Offered knowledge of Fireball by Vehumet.
 32857 | Shoals:2 | Found a transporter.
 32865 | Shoals:2 | Found a transporter.
 32890 | Shoals:2 | Noticed dxb338's ghost (adept FeSh)
 33019 | Shoals:2 | Got the Discursus on Baneful Rime
 33491 | Shoals:3 | Reached skill level 14 in Conjurations
 33672 | Shoals:4 | Entered Level 4 of the Shoals
 33848 | Shoals:3 | Noticed Ilsuiw
 33927 | Shoals:3 | Found Woloa's CLEARANCE SALE!.
 33935 | Shoals:3 | Bought a +6 scimitar of electrocution for 84 gold pieces
 33935 | Shoals:3 | Bought a scroll of revelation for 15 gold pieces
 34109 | Shoals:3 | Reached XP level 17. HP: 116/119 MP: 29/32
 34396 | Shoals:4 | Found a glowing silver altar of Zin.
 34423 | Shoals:4 | Offered knowledge of Plasma Beam by Vehumet.
 34431 | Shoals:4 | Learned a level 6 spell: Plasma Beam
 34611 | Shoals:4 | Identified the staff "Cuch" {+Blink Dex+5 Conj}
 34734 | Shoals:4 | Found a glowing golden altar of the Shining One.
 34848 | Shoals:4 | Slain by an angel

Illustrated notes

Levels and vault maps discovered:
D:1:      ncdulo_smallfort, layout_basic, minivault_27,
          minmay_misc_feat_enclosed
D:2:      layout_loops_cross, minmay_tripent
D:3:      layout_rooms, chequers_temple_overflow_statue_of_worship
D:4:      layout_gridville, beargit_hepliaklqana_dungeon_heroes,
          minmay_temple_entry_mini_moons, nicolae_ossuary_entry_giza,
          portal_sewer_entry_f, nicolae_wormholes, uniq_ijyb
D:5:      layout_basic, mainiacjoe_overflow_cross_hatched
D:6:      layout_loops_corners
D:7:      layout_gridville, nicolae_sif_muna_little_library,
          mainiacjoe_overflow_surrounded_room
D:8:      layout_loops_ring, grunt_temple_overflow_open,
          nicolae_overflow_crystal_walls, uniq_maurice, uniq_grum
D:9:      minmay_twisted_water, layout_basic, nicolae_ashenzari_panopticon,
          uniq_erica
D:10:     layout_basic, uniq_fannar
D:11:     layout_stronghold, dpeg_oklobed_lair, fedhas_altar_3
D:12:     nicolae_BIG_FREAKIN_CUBE, layout_loops_ring, orc_0_dummy,
          serial_shops, freezing_bzr
D:13:     layout_loops_corners, david_vaults_5,
          hellmonk_guarded_unrand_gyre_and_gimble, uniq_nessos, uniq_rupert
D:14:     evilmike_horseshoe, layout_rooms, nicolae_trove_entry_columns,
          okawaru_metal_pillars_1_2
D:15:     grunt_enter_depths_magical_seal, layout_layer_cave, lemuel_tele_altar,
          uniq_jorgrun
Temple:   nicolae_temple_ecumenical_triangle
Lair:1:   layout_misc_corridors, chequers_serial_rivers_large_a,
          nzn_sisyphean_effort
Lair:2:   layout_cave_pods, nicolae_shoals_entry_flooding,
          spider_nest_entry_rubble
Lair:3:   layout_roguey, lemuel_fruit_tree, grunt_megastairs_4, uniq_josephine,
          uniq_kirke
Lair:4:   layout_regular_city, dpeg_slime_entry_enclosed, grunt_megastairs_5
Lair:5:   evilmike_catoblepas_cave, layout_regular_city,
          infiniplex_staircase_pool_2, lemuel_fruit_fields
Shoals:1: layout_shoals, nicolae_shoals_pincushion_passage, uniq_roxanne
Shoals:2: layout_shoals, gammafunk_ghost_berserking_beasts
Shoals:3: layout_shoals, nicolae_shop_clearance, uniq_ilsuiw
Shoals:4: shoals_end_hellmonk_holy_island
Orc:1:    layout_diamond_mine, serial_shops, mines1_david
Orc:2:    st_orc_town, layout_caves, uniq_donald

Skill      XL: |  1  2  3  4  5  6  7  8  9 10 11 12 13 14 15 16 17 |
---------------+----------------------------------------------------+-----
Spellcasting   | 1 2 3 4 5 6 7 8 9 10 11 | 11.3
Stealth        | 7 8 9 |  9.0
Shields        | 2 3 4 5 6 8 9 10 | 10.2
Ice Magic      | 1 2 3 4 5 |  5.9
Conjurations   | 1 2 3 4 5 6 10 11 14 | 14.9
Fighting       | 4 5 6 7 |  7.0
Ranged Weapons | 1 2 3 |  3.0
Earth Magic    | 5 |  5.0
Fire Magic     | 2 5 6 7 9 |  9.2
Armour         | 3 4 6 |  6.8
Dodging        | 3 4 5 6 |  6.0
Necromancy     | 3 6 8 |  8.9
Poison Magic   | 3 |  3.6
Evocations     | 2 3 |  3.0
Transmutations | 2 |  2.0
Air Magic      | 6 |  6.2
Maces & Flails | |  2.0

Action                     |  1- 3 |  4- 6 |  7- 9 | 10-12 | 13-15 | 16-18 || total
---------------------------+-------+-------+-------+-------+-------+-------++-------
  Melee: Mace              |    42 |    70 |       |       |       |       ||   112
         Short sword       |       |   143 |   305 |   149 |       |       ||   597
         Punch             |       |     1 |       |       |       |       ||     1
         Trident           |       |       |       |    10 |   247 |    53 ||   310
   Fire: Shortbow          |       |       |    60 |   150 |   428 |   162 ||   800
  Throw: Stone             |     5 |       |       |       |       |       ||     5
         Dart              |       |    13 |    29 |     2 |     3 |     3 ||    50
         Javelin           |       |       |     6 |       |       |       ||     6
         Throwing net      |       |       |       |       |       |     1 ||     1
   Cast: Hailstorm         |       |       |     5 |    18 |     5 |       ||    28
         Sticky Flame      |       |       |       |    62 |   128 |    18 ||   208
         Sting             |       |       |       |     9 |     7 |       ||    16
         Stone Arrow       |       |       |       |    59 |    47 |     1 ||   107
         Sublimation of Bl |       |       |       |     7 |       |    24 ||    31
         Freezing Cloud    |       |       |       |       |    60 |   107 ||   167
         Orb of Destructio |       |       |       |       |       |    54 ||    54
         Plasma Beam       |       |       |       |       |       |     1 ||     1
Ability: Dig               |     1 |       |     2 |     3 |     3 |     1 ||    10
         Shaft Self        |       |     1 |     2 |     2 |     1 |       ||     6
  Evoke: Wand              |       |       |     5 |     1 |       |     1 ||     7
    Use: Scroll            |     2 |     7 |     2 |    10 |     2 |     3 ||    26
         Potion            |     1 |     5 |       |     6 |     2 |     1 ||    15
   Stab: Sleeping          |     1 |    18 |    11 |     2 |       |     1 ||    33
         Distracted        |       |       |     1 |       |       |       ||     1
         Held in net/web   |       |       |       |       |       |     6 ||     6
 Armour: Leather armour    |    13 |    31 |    61 |    44 |       |       ||   149
         Troll leather arm |       |       |       |    29 |    77 |    45 ||   151
  Dodge: Dodged            |    14 |    76 |   113 |   179 |   226 |    83 ||   691
  Block: Other             |     8 |    13 |       |       |       |       ||    21
         Buckler           |       |    45 |   182 |   180 |   335 |   118 ||   860
         Reflection        |       |       |     6 |    17 |     6 |    13 ||    42

Table legend: (Time is in decaauts)
 A = Elapsed time spent in this place.
 B = Non-inter-level travel time spent in this place.
 C = Inter-level travel time spent in this place.
 D = Time resting spent in this place.
 E = Time spent auto-exploring this place.
 F = Levels seen in this place.
 G = Mean time per level.
                   A        B        C        D        E       F      G
               +--------+--------+--------+--------+--------+-----+--------+
         Total |  35553 |  33533 |   2020 |  10306 |  12598 |  29 | 1226.0 |
       Dungeon |  18643 |  17269 |   1374 |   5174 |   7325 |  15 | 1242.9 |
        Temple |      1 |      0 |      1 |      0 |      0 |   1 |    1.0 |
          Lair |   8018 |   7493 |    525 |   1999 |   3339 |   5 | 1603.6 |
        Shoals |   5018 |   4957 |     61 |   2102 |   1029 |   4 | 1254.5 |
  Orcish Mines |   2730 |   2672 |     58 |    558 |    886 |   2 | 1365.0 |
        Bazaar |    349 |    349 |      0 |    195 |     18 |   1 |  349.0 |
         Sewer |    791 |    791 |      0 |    277 |      0 |   1 |  791.0 |
               +--------+--------+--------+--------+--------+-----+--------+

Top non-repeatable levels by time:
     D:8: 2797 daAuts
Shoals:1: 2037 daAuts
     D:6: 1870 daAuts
  Lair:2: 1847 daAuts
  Lair:5: 1798 daAuts
    D:10: 1741 daAuts
  Lair:1: 1614 daAuts
     D:9: 1611 daAuts
    D:11: 1604 daAuts
     D:4: 1604 daAuts
   Orc:2: 1591 daAuts
     D:7: 1555 daAuts
  Lair:3: 1523 daAuts
     D:5: 1386 daAuts
Shoals:2: 1234 daAuts
